 Dungeon Crawl Stone Soup version 0.21-a0-113-g6841d05 (webtiles) character file.

95 Charly the Skirmisher (level 4, 2/45 HPs)
             Began as an Ogre Skald on July 12, 2017.
             Quit the game on level 4 of the Dungeon.
             The game lasted 00:07:43 (565 turns).

Charly the Skirmisher (Ogre Skald)                   Turns: 565, Time: 00:07:43

Health: 2/45       AC:  3    Str: 17    XL:     4   Next: 66%
Magic:  0/8        EV: 10    Int: 14    God:
Gold:   66         SH:  0    Dex:  9    Spells: 1/7 levels left

rFire    . . .     SeeInvis .     - Unarmed
rCold    . . .     Gourm    .   (no shield)
rNeg     . . .     Faith    .   a - +0 robe
rPois    .         Spirit   .   (helmet restricted)
rElec    .         Reflect  .   (no cloak)
rCorr    .         Harm     .   (gloves unavailable)
MR       .....                  (boots unavailable)
Stlth    +.........             (no amulet)
HPRegen  0.15/turn              (no ring)
MPRegen  0.11/turn              (no ring)

@: lethally poisoned (2 -> -14), very slightly contaminated
A: unfitting armour, high mp 1, strong 1, tough skin 1
a: no special abilities


You were on level 4 of the Dungeon.
You were not hungry.

You visited 1 branch of the dungeon, and saw 4 of its levels.

You collected 66 gold pieces.

Inventory:

Missiles
 j - 6 javelins (quivered)
Armour
 a - a +0 robe (worn)
Scrolls
 e - a scroll of teleportation {unknown}
 g - a scroll of immolation {unknown}
 h - a scroll of identify {unknown}
 i - a scroll of noise {unknown}
Potions
 d - a potion of haste
Books
 b - a book of Battle

   Spells                             Type                      Level
   a - Infusion                       Charms                       1
   b - Shroud of Golubria             Charms/Translocation         2
   c - Song of Slaying                Charms                       2
   d - Spectral Weapon                Hexes/Charms                 3
   e - Regeneration                   Charms/Necromancy            3
Comestibles
 c - a bread ration


   Skills:
 + Level 3.5 Fighting
 - Level 2.1 Dodging
 + Level 3.2 Unarmed Combat
 - Level 2.4 Spellcasting
 + Level 3.1 Charms
 + Level 1.2 Necromancy


You had one spell level left.
You knew the following spells:

 Your Spells              Type           Power        Failure   Level  Hunger
a - Infusion              Chrm           ##..         6%          1    #......
g - Shroud of Golubria    Chrm/Tloc      #.........   19%         2    ###....
r - Regeneration          Chrm/Necr      #.........   28%         3    ###....


Dungeon Overview and Level Annotations

Branches:
Dungeon (4/15)
 Temple: D:4-7

Altars:


Innate Abilities, Weirdness & Mutations

You are too large for most types of armour.
You have tough skin. (AC +1)
You have an increased reservoir of magic. (+10% MP)
Your muscles are strong. (Str +2)


Message History

You feel sick.
The worker ant waves its antennae.
Your shroud bends the worker ant's attack away.
You barely miss the worker ant.
The worker ant is severely wounded.
The worker ant bites you!
* * * LOW HITPOINT WARNING * * *
Your shroud falls apart!
Casting: Shroud of Golubria
Confirm with . or Enter, or press ? or * to list all spells.
You miscast Regeneration.
You are very lightly contaminated with residual magic.
You hear strange and distant voices.
* * * LOW HITPOINT WARNING * * *
You feel sick. The worker ant bites you.
* * * LOW HITPOINT WARNING * * *
You are more poisoned.
The worker ant poisons you!
Okay, then.
Are you sure you want to abandon this character and quit the game? (Confirm with "yes".)

... .... ..... ...
.....#####.(
#.........#
#........(#
#.........#
#.......(.#
#......a..#
#.....@...#
#.........#######+###
......................
.........$....<.......
......................
......................
......................
.##+####+##.....######
#.....#


You could see a worker ant.

Vanquished Creatures
  A howler monkey (D:4)
  Terence (D:2)
  2 dart slugs (D:1)
  3 giant cockroaches (D:1)
  3 goblins (D:1)
  2 hobgoblins (D:1)
  7 jackals (D:1)
  A quokka (D:2)
  3 bats (D:1)
  A frilled lizard (D:1)
  3 kobolds (D:1)
  A rat (D:1)
28 creatures vanquished.

Notes
Turn   | Place    | Note
-------+----------+-------------------------------------------
     0 | D:1      | Charly the Ogre Skald began the quest for the Orb.
     0 | D:1      | Reached XP level 1. HP: 22/22 MP: 3/3
    65 | D:1      | Reached XP level 2. HP: 17/31 MP: 0/5
    96 | D:1      | Learned a level 2 spell: Shroud of Golubria
   150 | D:2      | Noticed Terence
   304 | D:1      | Gained mutation: Your mind is acute. (Int +2) [potion of mutation]
   304 | D:1      | Gained mutation: You expend magic power (3 MP) to strengthen your wands. [potion of mutation]
   304 | D:1      | Gained mutation: You have sharp toenails. [potion of mutation]
   352 | D:1      | Reached XP level 3. HP: 21/37 MP: 6/6
   375 | D:1      | Lost mutation: Your mind is acute. (Int +2) [potion of mutation]
   375 | D:1      | Lost mutation: You have sharp toenails. [potion of mutation]
   375 | D:1      | Lost mutation: You expend magic power (3 MP) to strengthen your wands. [potion of mutation]
   375 | D:1      | Gained mutation: You have an increased reservoir of magic. (+10% MP) [potion of mutation]
   375 | D:1      | Gained mutation: Your muscles are strong. (Str +2) [potion of mutation]
   388 | D:1      | Learned a level 3 spell: Regeneration
   480 | D:2      | Killed Terence
   480 | D:2      | Reached XP level 4. HP: 12/45 MP: 8/8
   531 | D:4      | Reached skill level 1 in Necromancy
   564 | D:4      | HP: 2/45 [worker ant (3)]
   565 | D:4      | Quit the game

Vault maps used:
D:1:      dpeg_arrival_boxorama, minmay_misc_feat_pillars,
          serial_bayou_lagoon_a, grunt_decor_cap, st_stairs_11,
          minmay_hexomino_c4
D:2:      kennysheep_slug_shrine, uniq_terence
D:3:      chequers_temple_overflow_minitemple, grunt_ministairs_1
D:4:      okawaru_trees_2, uniq_crazy_yiuf_cottage, uniq_robin

Skill      XL: |  1  2  3  4 |
---------------+-------------+-----
Unarmed Combat | 2 3 |  3.2
Fighting       | 3 |  3.5
Charms         | 3 |  3.1
Necromancy     | 1 |  1.2
Dodging        | |  2.1
Spellcasting   | |  2.4

Action                   |  1- 3 |  4- 6 || total
-------------------------+-------+-------++-------
Melee: Unarmed           |   127 |    21 ||   148
       Kick              |    11 |       ||    11
       Punch             |     1 |       ||     1
Throw: Large rock        |     2 |     3 ||     5
       Javelin           |       |     2 ||     2
 Cast: Infusion          |     2 |       ||     2
       Regeneration      |     2 |     3 ||     5
       Shroud of Golubri |       |     1 ||     1
  Use: Potion            |     5 |       ||     5
Armor: Robe              |    65 |     6 ||    71
Dodge: Dodged            |   131 |     8 ||   139
